Map: Central Protocol

Players

Keynesian

  • Race: Zerg Zerg
  • League: Gold

Grumm - Winner!

  • Race: Protoss Protoss
  • League: Gold

VOD

Have the link to the VOD?

Description

Time

  • Played on: Jan. 31, 2016, 9:01 p.m.
  • Length: 5:20
Show
View Real Time Build Order
Export as new Build Order

Keynesian Zerg 

Build Orders: Pool First 

Get SALT Encoding   

  12  0:04  Drone  
  13  0:08  Drone  
  14  0:28  Spawning Pool  
  13  0:30  Drone  
  13  0:35  Extractor  
  13  0:36  Drone  
  14  0:44  Overlord  
  15  1:04  Drone  
  15  1:10  Drone  
  16  1:16  Queen  
  18  1:18  Zergling x2  
  18  1:19  Zergling x2  
  20  1:28  Baneling Nest  
  20  1:30  Zergling x2  
  20  1:38  Overlord  
  20  1:50  Drone  
  21  2:09  Zergling x4  
  21  2:14  Metabolic Boost  
  23  2:23  Baneling  
  23  2:24  Baneling  
  23  2:26  Zergling x2  
  23  2:27  Zergling x6  
  27  2:31  Baneling  
  27  2:32  Baneling  
  27  2:35  Zergling x2  
  28  3:03  Drone x2  
  30  3:06  Hatchery  
  30  3:10  Overlord  
  27  3:32  Zergling x2  
  27  3:33  Zergling x4  
  22  3:43  Zergling x2  
  22  3:44  Zergling x4  
  25  3:54  Zergling x2  
  26  4:13  Drone  
  26  4:16  Drone  
  28  4:19  Drone  
  29  4:28  Drone  
  29  4:29  Drone x3  
Show
View Real Time Build Order
Export as new Build Order

Grumm Protoss - Winner!

Build Orders: Nexus First 

Get SALT Encoding   

  12  0:01  Probe (Chrono Boost)  
  13  0:11  Probe (Chrono Boost)  
  14  0:42  Nexus  
  14  0:46  Probe (Chrono Boost)  
  15  0:57  Pylon  
  15  1:15  Probe (Chrono Boost)  
  15  1:17  Gateway  
  17  1:25  Probe (Chrono Boost)  
  17  1:27  Forge  
  17  1:37  Gateway  
  17  1:44  Pylon  
  18  1:47  Probe (Chrono Boost)  
  18  1:53  Assimilator  
  18  1:57  Assimilator  
  18  2:14  Cybernetics Core  
  18  2:20  Photon Cannon  
  18  2:23  Probe (Chrono Boost)  
  19  2:34  Zealot  
  19  2:35  Zealot  
  23  2:38  Probe (Chrono Boost)  
  23  2:43  Probe (Chrono Boost)  
  25  2:49  Assimilator  
  25  2:50  Probe (Chrono Boost)  
  26  2:55  Probe (Chrono Boost)  
  28  3:05  Probe (Chrono Boost)  
  28  3:06  Probe (Chrono Boost)  
  28  3:09  Warp Gate  
  29  3:16  Mothership Core (Chrono Boost)  
  27  3:23  Gateway  
  24  3:44  Probe x2 (Chrono Boost)  
  26  3:53  Zealot x2  
  30  4:00  Photon Cannon  
  30  4:10  Probe x2 (Chrono Boost)  
  32  4:20  Stargate  
  32  4:23  Pylon  
  32  4:33  Probe x2 (Chrono Boost)  
Tags
 
Add a new tag
Caveats
  • Supply blocks, unpowered buildings, or Contaminate may cause inaccurate times.
  • Supply counts are checked every 10 seconds.